 Dungeon Crawl Stone Soup version 0.31-a0-618-g7ca08c1ff9 (webtiles) character file.

Game seed: 10041351363853751562

111 gruber the Caller (level 4, -4/30 HPs)
             Began as a Barachi Summoner on Aug 22, 2023.
             Slain by an iron imp (9 damage)
             ... on level 3 of the Dungeon.
             The game lasted 00:03:56 (2496 turns).

gruber the Caller (Barachi Summoner)                Turns: 2496, Time: 00:03:57

Health: -4/30      AC:  2    Str: 10    XL:     4   Next: 92%
Magic:  3/7        EV: 12    Int: 17    God:
Gold:   118        SH:  0    Dex: 15    Spells: 4/7 levels left

rFire   . . .        l - +7 dagger of Esonuaz {pain, Dex+3}
rCold   + . .        (no shield)
rNeg    . . .        a - +0 robe
rPois   .            (no helmet)
rElec   .            (no cloak)
rCorr   .            (no gloves)
SInv    .            (no boots)
Will    .....        (no amulet)
Stlth   ++           e - ring of protection from cold
HPRegen 0.25/turn    (no ring)
MPRegen 0.10/turn

%: no passive effects
@: slow
A: amphibious, slowness 1, strong legs 1, +LOS
a: Hop


You were on level 3 of the Dungeon.
You visited 1 branch of the dungeon, and saw 3 of its levels.

You collected 118 gold pieces.

Inventory:

Hand Weapons
 l - the +7 dagger of Esonuaz (weapon) {pain, Dex+3}
   (You took it off an orc on level 3 of the Dungeon)

   Dex+3:     It affects your dexterity (+3).
Armour
 a - a +0 robe (worn)
Jewellery
 e - a ring of protection from cold (left hand)
Scrolls
 c - 6 scrolls of identify {unknown}
 f - 2 scrolls of teleportation {unknown}
 i - 2 scrolls of revelation {unknown}
 j - 2 scrolls of immolation {unknown}
Potions
 b - a potion of magic
 d - a potion of curing {unknown}
 g - 2 potions of haste {unknown}
 h - a potion of degeneration {unknown}
 k - a potion of brilliance {unknown}
 m - a potion of attraction {unknown}
 n - 2 potions of ambrosia {unknown}


   Skills:
 - Level 2.1 Dodging
 - Level 1.7 Stealth
 - Level 2.1 Spellcasting
 + Level 7.3 Summonings


You had 4 spell levels left.
You knew the following spells:

 Your Spells              Type           Power      Damage    Failure   Level
a - Summon Small Mammal   Summ           100%       N/A       1%          1
b - Call Imp              Summ           52%        N/A       1%          2

Your spell library contained the following spells:

 Spells                   Type           Power      Damage    Failure   Level
 Call Canine Familiar     Summ           26%        N/A       2%          3
 Summon Guardian Golem    Hex/Summ       14%        N/A       13%         3
 Summon Lightning Spire   Summ/Air       14%        N/A       38%         4
 Orb of Destruction       Conj           0%         9d5       100%        7
 Spellforged Servitor     Conj/Summ      7%         N/A       100%        7


Dungeon Overview and Level Annotations

Branches:
Dungeon (3/15)

Altars:
Cheibriados
Nemelex Xobeh


Innate Abilities, Weirdness & Mutations

You are amphibious.
You cover ground slowly.
You can hop short distances.
You have an extended range of vision and can be seen from far away.


Message History

Your rat barely misses the iron imp.
The iron imp barely misses your rat.
Unknown command.
Unknown command.
Unknown command.
Your quokka barely misses the iron imp.
Your cerulean imp hits the iron imp with a -2 spear.
Your rat bites the iron imp but does no damage.
The iron imp hits your rat.
Your rat dies!
Your rat's corpse disappears in a puff of smoke!
Unknown command.
Unknown command.
Casting: Summon Small Mammal (safe; 1% risk of failure)
Confirm with . or Enter, or press ? or * to list all spells.
Your quokka bites the iron imp but does no damage.
Your cerulean imp hits the iron imp but does no damage.
Unknown command.
Unknown command.
Unknown command.
Your bat barely misses the iron imp.
Your cerulean imp hits the iron imp with a -2 spear.
Your quokka barely misses the iron imp.
Your cerulean imp barely misses the iron imp.
The iron imp attacks as it pursues you! The iron imp misses you.
You closely miss the iron imp.
The iron imp is severely wounded.
Your bat hits the iron imp but does no damage.
Your cerulean imp hits the iron imp but does no damage.
You hit the iron imp.
The iron imp is almost dead.
Your bat hits the iron imp but does no damage.
Your quokka bites the iron imp but does no damage.
The iron imp closely misses you.
Your cerulean imp hits the iron imp but does no damage.
You barely miss the iron imp.
The iron imp is severely wounded.
Your bat hits the iron imp but does no damage.
Your quokka completely misses the iron imp.
The iron imp hits you!
You die...

.....##
##............#
...)..#
#......_......#
......# ............#
......####.#
..........#
....#......# #b....#
.......#.### #.....#
............###.r5..#
................5.###
................@##
.................##
..................#
..................#
.............###..#
........[....#.#..#
......#.)..##.##..#
......<....#.#....#
......รท..##.##....#


You could see an iron imp (ally target), a friendly cerulean imp (summoned), a
friendly quokka (summoned) and a friendly bat (summoned).

Vanquished Creatures
  A dart slug (D:1)
  A ball python (D:2)
  2 endoplasms
  6 giant cockroaches
  4 hobgoblins
  3 jackals (D:2)
  A quokka (D:3)
  2 frilled lizards (D:2)
  A goblin (D:2)
  4 kobolds
  4 rats
29 creatures vanquished.

Vanquished Creatures (collateral kills)
  2 adders
  2 worms (D:2)
  2 dart slugs
  2 orcs (D:3)
  4 ball pythons (D:1)
  3 endoplasms
  A giant cockroach (D:3)
  5 goblins
  4 hobgoblins
  A jackal (D:2)
  4 kobolds
  3 quokkas
  6 bats
  A frilled lizard (D:1)
  4 rats
44 creatures vanquished.

Grand Total: 73 creatures vanquished

Notes
Turn   | Place    | Note
-------+----------+-------------------------------------------
     0 | D:1      | gruber the Barachi Summoner began the quest for the Orb.
     0 | D:1      | Reached XP level 1. HP: 13/13 MP: 3/3
    90 | D:1      | Reached skill level 5 in Summonings
   210 | D:1      | Reached XP level 2. HP: 16/19 MP: 1/5
   266 | D:1      | Learned a level 2 spell: Call Imp
   559 | D:1      | Reached XP level 3. HP: 24/24 MP: 3/6
   629 | D:1      | Reached skill level 6 in Summonings
  1193 | D:2      | Reached XP level 4. HP: 15/30 MP: 2/7
  2047 | D:2      | Reached skill level 7 in Summonings
  2272 | D:3      | Found a sparkling altar of Nemelex Xobeh.
  2380 | D:3      | Identified the +7 dagger of Esonuaz {pain, Dex+3}
  2476 | D:3      | Found a snail-covered altar of Cheibriados.
  2496 | D:3      | Slain by an iron imp

Illustrated notes

Levels and vault maps discovered:
D:1:      erik_arrival_cave_to_civilisation [erik_arrival_cave_to_hall],
          layout_basic
D:2:      layout_loops_ring
D:3:      layout_rooms, nicolae_overflow_crystal_walls, slow_altar_1,
          hellmonk_ecumenical_altar_leap_of_faith, minmay_vboxes

Skill      XL: |  1  2  3  4 |
---------------+-------------+-----
Summonings     | 5 6 7 |  7.3
Dodging        | |  2.1
Stealth        | |  1.7
Spellcasting   | |  2.1

Action                     |  1- 3 |  4- 6 || total
---------------------------+-------+-------++-------
  Melee: Unarmed           |    13 |       ||    13
         Dagger            |    48 |   101 ||   149
         Short sword       |       |    10 ||    10
   Cast: Summon Small Mamm |    40 |    24 ||    64
         Call Imp          |     4 |    14 ||    18
   Stab: Distracted        |       |     3 ||     3
         Sleeping          |       |     1 ||     1
 Armour: Robe              |    25 |    21 ||    46
  Dodge: Dodged            |    75 |    74 ||   149

Table legend: (Time is in decaauts)
 A = Elapsed time spent in this place.
 B = Non-inter-level travel time spent in this place.
 C = Inter-level travel time spent in this place.
 D = Time resting spent in this place.
 E = Time spent auto-exploring this place.
 F = Levels seen in this place.
 G = Mean time per level.
                   A        B        C        D        E       F      G
               +--------+--------+--------+--------+--------+-----+--------+
         Total |   2759 |   2655 |    104 |      0 |   2062 |   3 |  919.7 |
       Dungeon |   2759 |   2655 |    104 |      0 |   2062 |   3 |  919.7 |
               +--------+--------+--------+--------+--------+-----+--------+

Top non-repeatable levels by time:
     D:1: 1283 daAuts
     D:2: 1173 daAuts
     D:3: 302 daAuts
